 Dungeon Crawl Stone Soup version 0.30.1 (webtiles) character file.

Game seed: 3788421213000474756

33952 AIAndy the Cleaver (level 13, -4/101 HPs)
             Began as a Gnoll Wanderer on July 3, 2023.
             Was the Champion of Fedhas.
             Slain by an 11-headed hydra (7 damage)
             ... on level 2 of the Lair of Beasts on July 4, 2023.
             The game lasted 01:22:31 (12673 turns).

AIAndy the Cleaver (Gnoll Wanderer)                Turns: 12673, Time: 01:22:31

Health: -4/101     AC: 25    Str: 16    XL:     13   Next: 74%
Magic:  26/26      EV: 11    Int: 11    God:    Fedhas [******]
Gold:   366        SH:  0    Dex: 13    Spells: 20/31 levels left

rFire   + . .        p - +8 battleaxe "Faoschy" {heavy, rF+ rN+ Stlth+}
rCold   + . .        (shield currently unavailable)
rNeg    + + +        v - +6 chain mail of the Eternal Fruit {rN+++ Slay+2 SInv Stlth-}
rPois   .            b - +0 helmet
rElec   .            R - +0 cloak
rCorr   .            (no gloves)
SInv    +            W - +0 pair of boots
Will    .....        H - amulet of regeneration
Stlth   +            l - +4 ring of protection
HPRegen 1.16/turn    J - ring of the Unstoppable Dreams {Wiz rC+ SInv}
MPRegen 0.20/turn

%: wizardry (x1)
@: no status effects
A: fangs 1, strong nose, distributed training
a: Renounce Religion, Wall of Briars, Grow Ballistomycete, Overgrow, Grow Oklob


You were on level 2 of the Lair of Beasts.
You worshipped Fedhas.
Fedhas was exalted by your worship.
You visited 2 branches of the dungeon, and saw 14 of its levels.
You also visited: Ossuary.

You collected 999 gold pieces.
You spent 633 gold pieces at shops.

Inventory:

Hand Weapons
 p - the +8 battleaxe "Faoschy" (weapon) {heavy, rF+ rN+ Stlth+}
   (You found it on level 9 of the Dungeon)

   rF:        It protects you from fire.
   rN:        It protects you from negative energy.
   Stlth:     It makes you more stealthy.
 x - a +0 broad axe
Missiles
 g - a javelin
 D - 50 poisoned darts (quivered)
 I - a throwing net
 T - 5 curare-tipped darts
 Y - 5 atropa-tipped darts
Armour
 b - a +0 helmet (worn)
 j - +0 steam dragon scales
 v - the +6 chain mail of the Eternal Fruit (worn) {rN+++ Slay+2 SInv Stlth-}
   (You found it on level 2 of the Dungeon)

   Slay:      It affects your accuracy & damage with ranged weapons and melee
   (+2).
   rN:        It renders you almost immune to negative energy.
   SInv:      It lets you see invisible.
   Stlth:     It makes you less stealthy.
 R - a +0 cloak (worn)
 W - a +0 pair of boots (worn)
Jewellery
 d - a +6 ring of strength
 l - a +4 ring of protection (left hand)
 m - a ring of magical power
 q - an amulet of reflection
 G - a +6 ring of dexterity
 H - an amulet of regeneration (around neck)
 J - the ring of the Unstoppable Dreams (right hand) {Wiz rC+ SInv}
   (You found it on level 7 of the Dungeon)

   [ring of wizardry]

   It improves your spell success rate.
   rC:        It protects you from cold.
   SInv:      It lets you see invisible.
Wands
 E - a wand of mindburst (13)
 M - a wand of polymorph (11)
 P - a wand of charming (9)
 Q - a wand of roots (6)
 Z - a wand of flame (12)
Scrolls
 e - 3 scrolls of amnesia
 f - 9 scrolls of teleportation
 h - a scroll of fear {unknown}
 o - 2 scrolls of enchant weapon
 r - a scroll of enchant armour {unknown}
 z - 2 scrolls of magic mapping
 C - 2 scrolls of noise {unknown}
 N - 2 scrolls of silence {unknown}
 O - 2 scrolls of fog
 S - a scroll of blinking {unknown}
 V - 2 scrolls of poison {unknown}
Potions
 a - a potion of haste
 c - 2 potions of berserk rage
 i - 5 potions of curing
 k - 2 potions of mutation
 n - a potion of brilliance
 s - 4 potions of magic
 u - 3 potions of resistance
 w - 5 potions of might
 A - a potion of invisibility
 B - 5 potions of heal wounds
 L - 3 potions of flight
 X - a potion of ambrosia


   Skills:
 + Level 9.4 Fighting
 + Level 9.0 Short Blades
 + Level 9.0 Long Blades
 + Level 11.1 Axes
 + Level 9.0 Maces & Flails
 + Level 9.0 Polearms
 + Level 9.0 Staves
 + Level 9.0 Ranged Weapons
 + Level 9.0 Throwing
 + Level 9.0 Armour
 + Level 9.4 Dodging
 + Level 9.0 Stealth
 + Level 9.0 Shields
 + Level 9.0 Unarmed Combat
 + Level 9.5 Spellcasting
 + Level 7.5 Conjurations
 + Level 7.5 Hexes
 + Level 7.5 Summonings
 + Level 7.5 Necromancy
 + Level 7.5 Translocations
 + Level 7.5 Transmutations
 + Level 7.5 Fire Magic
 + Level 7.5 Ice Magic
 + Level 7.5 Air Magic
 + Level 7.5 Earth Magic
 + Level 9.4 Poison Magic
 + Level 9.8 Invocations
 + Level 9.4 Evocations


You had 20 spell levels left.
You knew the following spells:

 Your Spells              Type           Power      Damage    Failure   Level
a - Sting                 Tmut/Pois      92%        1d7       1%          1
b - Wereblood             Tmut           21%        N/A       3%          2
c - Frozen Ramparts       Ice            42%        1d7       6%          3
d - Mephitic Cloud        Conj/Pois/Air  23%        N/A       4%          3
e - Blink                 Tloc           42%        N/A       3%          2

Your spell library contained the following spells:

 Spells                   Type           Power      Damage    Failure   Level
 Beastly Appendage        Tmut           42%        N/A       2%          1
 Foxfire                  Conj/Fire      84%        2x1d8     2%          1
 Freeze                   Ice            84%        1d9       2%          1
 Shock                    Conj/Air       84%        1d8       2%          1
 Slow                     Hex            84%        N/A       2%          1
 Cigotuvi's Dreadful Rot  Necr/Pois/Air  46%        N/A       2%          2
 Poisonous Vapours        Pois/Air       46%        N/A       2%          2
 Scorch                   Fire           42%        2d6       3%          2
 Static Discharge         Conj/Air       42%        2-4/arc   3%          2
 Spider Form              Tmut/Pois      23%        N/A       4%          3
 Call Canine Familiar     Summ           21%        N/A       6%          3
 Confusing Touch          Hex            21%        N/A       6%          3
 Hailstorm                Conj/Ice       21%        3d6       6%          3
 Portal Projectile        Hex/Tloc       42%        N/A       6%          3
 Swiftness                Air            21%        N/A       6%          3
 Tukima's Dance           Hex            21%        N/A       6%          3
 Vampiric Draining        Necr           21%        2d7       6%          3
 Olgreb's Toxic Radiance  Pois           25%        N/A       10%         4
 Airstrike                Air            10%        2d(2-18)  21%         4
 Flame Wave               Conj/Fire      21%        2d8       21%         4
 Leda's Liquefaction      Hex/Erth       10%        N/A       21%         4
 Manifold Assault         Tloc           21%        N/A       21%         4
 Summon Lightning Spire   Summ/Air       21%        N/A       21%         4
 Blade Hands              Tmut           10%        N/A       47%         5
 Fireball                 Conj/Fire      10%        3d6       47%         5
 Iskenderun's Battlesphe  Conj           21%        2d7       47%         5
 Dispersal                Tloc           10%        N/A       95%         6
 Iron Shot                Conj/Erth      10%        9d3       95%         6
 Plasma Beam              Fire/Air       10%        2x1d23    95%         6
 Starburst                Conj/Fire      10%        6d5       95%         6
 Summon Cactus Giant      Summ           10%        N/A       95%         6
 Spellforged Servitor     Conj/Summ      10%        N/A       100%        7
 Storm Form               Tmut/Air       10%        N/A       100%        7
 Disjunction              Tloc           10%        N/A       100%        8


Dungeon Overview and Level Annotations

Branches:
Dungeon (12/15)            Temple (0/1) D:5            Lair (2/5) D:11
    Orc (0/2) D:9         Ossuary (visited)
  Swamp: Lair:2-3    Shoals: Lair:2-3     Snake: Lair:2-3    Spider: Lair:2-3

Altars:
Fedhas
Makhleb
Nemelex Xobeh
Ru
Uskayaw
Vehumet
Yredelemnul
Zin

Shops:
D:3 *   D:7 *   D:10 !

Annotations:
D:8 2 transporters, kalagan's ghost, novice DECj
D:10 2 runed translucent doors


Innate Abilities, Weirdness & Mutations

You have very sharp teeth.
Your uncanny sense of smell can sniff out nearby items.
Your experience applies equally to all skills.


Message History

The ten-headed hydra bites you but does no damage. x2
The ten-headed hydra bites you. The ten-headed hydra barely misses you.
You hit the ten-headed hydra but do no damage.
The ten-headed hydra is almost dead.
The ten-headed hydra looks more healthy.
The ten-headed hydra bites you.
The ten-headed hydra bites you but does no damage. x2
The ten-headed hydra closely misses you. x2
The ten-headed hydra bites you.
The ten-headed hydra bites you but does no damage. x3
The ten-headed hydra bites you.
The ten-headed hydra bites you but does no damage.
The ten-headed hydra bites you. x2
The ten-headed hydra bites you but does no damage. x3
The ten-headed hydra bites you!
* * * LOW HITPOINT WARNING * * *
The ten-headed hydra barely misses you. x2; The ten-headed hydra bites you.
* * * LOW HITPOINT WARNING * * *
You chop one of the ten-headed hydra's heads off!
The nine-headed hydra grows two more!
You hit the 11-headed hydra.
The 11-headed hydra is almost dead.
The 11-headed hydra bites you but does no damage.
The 11-headed hydra barely misses you. x2
The 11-headed hydra bites you but does no damage.
The 11-headed hydra bites you.
* * * LOW HITPOINT WARNING * * *
The 11-headed hydra bites you but does no damage. x4
The 11-headed hydra bites you.
* * * LOW HITPOINT WARNING * * *
The 11-headed hydra bites you.
* * * LOW HITPOINT WARNING * * *
The 11-headed hydra bites you!
* * * LOW HITPOINT WARNING * * *
The 11-headed hydra bites you.
* * * LOW HITPOINT WARNING * * *
The 11-headed hydra barely misses you. The 11-headed hydra closely misses you.
The 11-headed hydra misses you. The 11-headed hydra barely misses you.
The 11-headed hydra bites you!
You die...
Fedhas appreciates your contribution to the ecosystem.

...........P~~
....................P~
....................P
..~.................
~~~~~~.............
≈~≈≈~~............
~≈≈≈~~PP#.#.....†##
~~~≈≈~...##....D@.#
.<.~~~~.# #......##
~.~≈≈~..#.#......#
≈~~≈~~.P##.......##
≈~~~~..###........#
~~≈~.~## ##......##
.~...## #.......##
.....P# ##......P#
......# #P......##


You could see a 11-headed hydra.

Vanquished Creatures
  A hydra (Lair:2)
  2 two-headed ogres (D:11)
  Urug (D:10)
  Sonja (D:10)
  Amaemon (D:9)
  The ghost of toph the Chopper, a novice DrFi of Okawaru (D:6)
  3 cyclopes
  An orange demon (D:9)
  A black mamba (Lair:1)
  2 gargoyles
  Maggie (Lair:1)
  2 unseen horrors (D:12)
  3 cane toads (Lair:1)
  A troll (D:11)
  4 blink frogs (Lair:1)
  Sigmund (D:3)
  2 wyverns (D:11)
  A wraith (D:10)
  A human (D:10)
  27 yaks
  A basilisk (D:11)
  4 hogs (D:10)
  Edmund (D:4)
  9 water moccasins
  The ghost of u553311 the Trooper, an amateur OgRe (D:3)
  Pargi (D:4)
  4 orc warriors
  2 black bears
  An ice beast (D:7)
  4 ogres
  5 centaurs
  2 phantoms (D:5)
  4 bullfrogs
  2 kobold brigands (D:9)
  3 gnoll sergeants
  A scorpion (D:7)
  10 wights
  14 killer bees
  3 electric eels (Lair:1)
  8 howler monkeys
  2 jellies
  3 gnoll boudas
  7 hounds
  An orc priest (D:5)
  10 orc wizards
  Natasha (thrice) (D:3)
  4 iguanas
  Terence (D:2)
  8 mummies (Ossuary)
  32 gnolls
  7 adders
  A river rat (D:3)
  A shadow imp (D:7)
  A white imp (D:7)
  A worm (D:3)
  2 dart slugs
  31 orcs
  5 ball pythons
  6 endoplasms
  4 giant cockroaches
  12 goblins
  9 hobgoblins
  18 kobolds
  5 quokkas
  2 bats
  4 frilled lizards
  2 gnoll zombies (Ossuary)
  5 hobgoblin zombies (Ossuary)
  A kobold zombie (Ossuary)
  5 rats
  A spectral goblin (D:2)
331 creatures vanquished.

Notes
Turn   | Place    | Note
-------+----------+-------------------------------------------
     0 | D:1      | AIAndy the Gnoll Wanderer began the quest for the Orb.
     0 | D:1      | AIAndy set off with the following items: a +0 hand axe, a
                  | +0 helmet, a scroll of fog, a +0 leather armour; and the
                  | following spell memorised: Sting; and the following spells
                  | available to memorise: Cigotuvi's Dreadful Rot, Mephitic
                  | Cloud.
     0 | D:1      | Reached XP level 1. HP: 17/17 MP: 4/4
   202 | D:1      | Reached XP level 2. HP: 23/23 MP: 1/5
  1257 | D:2      | Found a faded altar of an unknown god.
  1284 | D:2      | Prayed at the altar of an unknown god.
  1284 | D:2      | Became a worshipper of Fedhas Madash
  1284 | D:2      | Reached * piety under Fedhas
  1331 | D:2      | Reached XP level 3. HP: 28/28 MP: 7/7
  1504 | D:2      | Noticed Terence
  1512 | D:2      | Killed Terence
  1513 | D:2      | Reached skill level 1 in Short Blades
  1513 | D:2      | Reached skill level 1 in Long Blades
  1513 | D:2      | Reached skill level 1 in Maces & Flails
  1513 | D:2      | Reached skill level 1 in Polearms
  1513 | D:2      | Reached skill level 1 in Staves
  1513 | D:2      | Reached skill level 1 in Ranged Weapons
  1513 | D:2      | Reached skill level 1 in Throwing
  1513 | D:2      | Reached skill level 1 in Armour
  1513 | D:2      | Reached skill level 1 in Stealth
  1513 | D:2      | Reached skill level 1 in Shields
  1513 | D:2      | Reached skill level 1 in Unarmed Combat
  1513 | D:2      | Reached skill level 1 in Invocations
  1658 | D:2      | Reached XP level 4. HP: 34/34 MP: 8/8
  1669 | D:2      | Reached ** piety under Fedhas
  2279 | D:2      | Identified the +6 chain mail of the Eternal Fruit {rN+++
                  | Slay+2 SInv Stlth-}
  2421 | D:3      | Reached skill level 1 in Conjurations
  2421 | D:3      | Reached skill level 1 in Hexes
  2421 | D:3      | Reached skill level 1 in Summonings
  2421 | D:3      | Reached skill level 1 in Necromancy
  2421 | D:3      | Reached skill level 1 in Translocations
  2421 | D:3      | Reached skill level 1 in Transmutations
  2421 | D:3      | Reached skill level 1 in Fire Magic
  2421 | D:3      | Reached skill level 1 in Ice Magic
  2421 | D:3      | Reached skill level 1 in Air Magic
  2421 | D:3      | Reached skill level 1 in Earth Magic
  2573 | D:3      | Found Suckuc's Assorted Antiques.
  2580 | D:3      | Bought a pink potion for 27 gold pieces
  2580 | D:3      | Bought a viscous coppery potion for 27 gold pieces
  2580 | D:3      | Bought a glowing orange potion for 27 gold pieces
  2580 | D:3      | Bought a fizzy dark potion for 27 gold pieces
  2591 | D:3      | Noticed Natasha
  2600 | D:3      | Killed Natasha
  2641 | D:3      | Found a basalt altar of Yredelemnul.
  2642 | D:3      | Found a hide-covered altar of Uskayaw.
  2658 | D:3      | Noticed Sigmund
  2672 | D:3      | Killed Sigmund
  2673 | D:3      | Reached XP level 5. HP: 20/41 MP: 10/10
  2673 | D:3      | Reached XP level 6. HP: 23/47 MP: 11/11
  2797 | D:3      | Found a runed translucent door.
  2800 | D:3      | Noticed u553311's ghost (amateur OgRe)
  2868 | D:3      | Noticed Natasha
  2879 | D:3      | Killed Natasha
  2894 | D:3      | Noticed Natasha
  2901 | D:3      | Killed Natasha
  3078 | D:3      | Found a runed translucent door.
  3424 | D:4      | Found a radiant altar of Vehumet.
  3461 | D:4      | Noticed Edmund
  3587 | D:4      | Noticed Pargi
  3613 | D:5      | Entered Level 5 of the Dungeon
  3645 | D:5      | Found a burning altar of Makhleb.
  3718 | D:5      | Noticed a black bear
  3727 | D:5      | Reached *** piety under Fedhas
  3737 | D:5      | Killed a black bear
  3738 | D:5      | Reached skill level 7 in Axes
  3738 | D:5      | Reached XP level 7. HP: 35/52 MP: 12/12
  4363 | D:5      | Reached XP level 8. HP: 34/60 MP: 14/14
  4829 | D:5      | Found a staircase to the Ecumenical Temple.
  5094 | D:6      | Found a runed translucent door.
  5094 | D:6      | Noticed toph's ghost (novice DrFi)
  5145 | D:6      | Reached **** piety under Fedhas
  5534 | D:6      | Reached XP level 9. HP: 36/66 MP: 12/16
  5561 | D:6      | Reached skill level 5 in Spellcasting
  5953 | D:7      | Reached skill level 5 in Fighting
  5953 | D:7      | Reached skill level 5 in Dodging
  5953 | D:7      | Reached skill level 5 in Evocations
  5990 | D:7      | Found a sand-covered staircase.
  5995 | Ossuary  | Entered an ossuary
  6093 | Ossuary  | Reached ***** piety under Fedhas
  6196 | Ossuary  | Reached skill level 9 in Axes
  6196 | Ossuary  | Reached skill level 5 in Conjurations
  6196 | Ossuary  | Reached skill level 5 in Hexes
  6196 | Ossuary  | Reached skill level 5 in Summonings
  6196 | Ossuary  | Reached skill level 5 in Necromancy
  6196 | Ossuary  | Reached skill level 5 in Translocations
  6196 | Ossuary  | Reached skill level 5 in Transmutations
  6196 | Ossuary  | Reached skill level 5 in Fire Magic
  6196 | Ossuary  | Reached skill level 5 in Ice Magic
  6196 | Ossuary  | Reached skill level 5 in Air Magic
  6196 | Ossuary  | Reached skill level 5 in Earth Magic
  6196 | Ossuary  | Reached XP level 10. HP: 77/77 MP: 20/20
  6197 | Ossuary  | Reached XP level 11. HP: 84/84 MP: 22/22
  6198 | Ossuary  | Reached skill level 10 in Axes
  6198 | Ossuary  | Reached XP level 12. HP: 92/92 MP: 24/24
  6268 | D:7      | Learned a level 2 spell: Wereblood
  6285 | D:7      | Identified the ring of the Unstoppable Dreams {Wiz rC+
                  | SInv}
  6558 | D:7      | Noticed an angel
  6560 | D:7      | Found Sirykit's Hallowed Reliquary.
  6568 | D:7      | Bought a potion of heal wounds for 75 gold pieces
  6568 | D:7      | Bought a potion of heal wounds for 75 gold pieces
  7359 | D:4      | Killed Pargi
  7474 | D:4      | Killed Edmund
  7711 | D:3      | Bought a cloak for 135 gold pieces
  7867 | D:3      | Killed u553311's ghost
  8054 | D:6      | Killed toph's ghost
  8554 | D:8      | Found a transporter.
  8574 | D:8      | Found a transporter.
  8599 | D:8      | Noticed kalagan's ghost (novice DECj)
  9136 | D:8      | Found a glowing silver altar of Zin.
  9264 | D:8      | Found a sparkling altar of Nemelex Xobeh.
  9308 | D:9      | Learned a level 3 spell: Frozen Ramparts
  9312 | D:9      | Learned a level 3 spell: Mephitic Cloud
  9580 | D:9      | Found a staircase to the Orcish Mines.
  9654 | D:9      | Identified the +8 battleaxe "Faoschy" {heavy, rF+ rN+
                  | Stlth+}
  9688 | D:9      | Noticed Amaemon
  9705 | D:9      | Killed Amaemon
 10168 | D:9      | Found a sacrificial altar of Ru.
 10465 | D:10     | Entered Level 10 of the Dungeon
 10465 | D:10     | Noticed Urug
 10479 | D:10     | Killed Urug
 10780 | D:10     | Noticed Sonja
 10781 | D:10     | Killed Sonja
 10782 | D:10     | Reached XP level 13. HP: 98/100 MP: 25/25
 10790 | D:10     | Found Kaapanoj's Distillery.
 10817 | D:10     | Reached ****** piety under Fedhas
 10841 | D:10     | Bought a potion of might for 64 gold pieces
 10841 | D:10     | Bought a potion of curing for 48 gold pieces
 10841 | D:10     | Bought a potion of might for 64 gold pieces
 10841 | D:10     | Bought a potion of curing for 48 gold pieces
 10841 | D:10     | Bought a potion of degeneration for 16 gold pieces
 10964 | D:10     | Found a runed translucent door.
 10964 | D:10     | Noticed an ice dragon
 10965 | D:10     | Noticed a fire dragon
 10966 | D:10     | Noticed an ice dragon
 10966 | D:10     | Noticed a fire dragon
 10967 | D:10     | Found the +2 shield of Resistance {rF++ rC++ Will++}
 10970 | D:10     | Found a runed translucent door.
 11177 | D:11     | Found a staircase to the Lair.
 12040 | Lair:1   | Entered Level 1 of the Lair of Beasts
 12085 | Lair:1   | Reached skill level 11 in Axes
 12167 | Lair:1   | Learned a level 2 spell: Blink
 12257 | Lair:1   | Noticed Maggie
 12268 | Lair:1   | Killed Maggie
 12673 | Lair:2   | HP: 3/101 [11-headed hydra (6)]
 12673 | Lair:2   | Slain by an 11-headed hydra

Illustrated notes

Levels and vault maps discovered:
D:1:      sevenhm_arrival_forest_fort_small_4, layout_loops_corners
D:2:      cheibrodos_greedy_goblins, layout_basic,
          dreamdust_ecumenical_altar_drowned_temple, serial_co_window_serial,
          co_window_paths_b, co_window_corner_a, co_window_of_opportunity_a,
          co_window_corner_a, co_window_paths_b, co_window_of_opportunity_c,
          co_window_corner_b, co_window_2corner, co_window_2corner,
          co_window_4corner_a, co_window_paths_e, glass_columns_c,
          glass_columns_c, glass_columns_a, small_statue_intersection,
          uniq_terence
D:3:      layout_basic, mainiacjoe_overflow_divided_tiny, serial_shops, shop,
          ebering_ghost_sewer_f, kennysheep_cross_room, uniq_sigmund,
          uniq_natasha
D:4:      layout_cave_pools, vehumet_crystals, uniq_edmund, uniq_pargi
D:5:      minmay_skewed_foursquare, layout_loops_ring, bloody_makhleb,
          minmay_temple_entry_ruins, minivault_4
D:6:      layout_cave_pools, gammafunk_ghost_grave
D:7:      layout_layer_cave, enter_ossuary_2, nicolae_good_shop
D:8:      layout_layer_cave, general_overflow_altar,
          mainiacjoe_overflow_24_doors, gammafunk_ghost_hive, serial_park_tiny_1
D:9:      kennysheep_spiral_hall, layout_stronghold,
          nicolae_ru_the_path_less_chosen, uniq_amaemon
D:10:     layout_rooms, grunt_livestock, minmay_misc_feat_rows,
          nicolae_stop_n_shop_2, minmay_guarded_unrand_resistance, uniq_urug,
          uniq_sonja
D:11:     layout_long_grid, minmay_lair_entry_grove,
          nicolae_figureground_sparkle
D:12:     layout_basic, uniq_psyche
Lair:1:   layout_misc_corridors, nicolae_lair_grazing_beasts
          [nicolae_sub_lair_graze_edge, nicolae_sub_lair_graze_edge,
          nicolae_sub_lair_graze_edge, nicolae_sub_lair_graze_edge],
          infiniplex_staircase_pool, uniq_maggie
Lair:2:   layout_chaotic_city, spider_nest_entry_rubble,
          infiniplex_staircase_pool_2, lemuel_fruit_fields, serial_bayou_shore_b

Skill      XL: |  1  2  3  4  5  6  7  8  9 10 11 12 13 |
---------------+----------------------------------------+-----
Short Blades   | 1 2 3 6 7 8 9 |  9.0
Long Blades    | 1 2 3 6 7 8 9 |  9.0
Maces & Flails | 1 2 3 6 7 8 9 |  9.0
Polearms       | 1 2 3 6 7 8 9 |  9.0
Staves         | 1 2 3 6 7 8 9 |  9.0
Ranged Weapons | 1 2 3 6 7 8 9 |  9.0
Throwing       | 1 2 3 6 7 8 9 |  9.0
Armour         | 1 2 3 6 7 8 9 |  9.0
Stealth        | 1 2 3 6 7 8 9 |  9.0
Shields        | 1 2 3 6 7 8 9 |  9.0
Unarmed Combat | 1 2 3 6 7 8 9 |  9.0
Invocations    | 1 2 3 4 6 7 8 9 |  9.8
Spellcasting   | 3 4 6 7 8 9 |  9.5
Conjurations   | 1 2 3 5 6 7 |  7.5
Hexes          | 1 2 3 5 6 7 |  7.5
Summonings     | 1 2 3 5 6 7 |  7.5
Necromancy     | 1 2 3 5 6 7 |  7.5
Translocations | 1 2 3 5 6 7 |  7.5
Transmutations | 1 2 3 5 6 7 |  7.5
Fire Magic     | 1 2 3 5 6 7 |  7.5
Ice Magic      | 1 2 3 5 6 7 |  7.5
Air Magic      | 1 2 3 5 6 7 |  7.5
Earth Magic    | 1 2 3 5 6 7 |  7.5
Fighting       | 3 4 6 7 8 9 |  9.4
Dodging        | 3 4 6 7 8 9 |  9.4
Evocations     | 3 4 6 7 8 9 |  9.4
Axes           | 7 9 10 11 | 11.1
Poison Magic   | 6 7 8 9 |  9.4

Action                     |  1- 3 |  4- 6 |  7- 9 | 10-12 | 13-15 || total
---------------------------+-------+-------+-------+-------+-------++-------
  Melee: Hand axe          |    29 |   128 |   408 |   166 |       ||   731
         Bite              |     1 |    19 |    50 |    40 |    22 ||   132
         Punch             |       |     2 |    14 |    15 |       ||    31
         Battleaxe         |       |       |       |   135 |   143 ||   278
  Throw: Boomerang         |       |       |    26 |       |       ||    26
         Dart              |       |       |    10 |    32 |    11 ||    53
         Javelin           |       |       |       |       |     7 ||     7
   Cast: Sting             |    46 |     2 |       |    25 |    15 ||    88
         Wereblood         |       |       |       |     8 |     8 ||    16
         Frozen Ramparts   |       |       |       |     1 |     4 ||     5
         Mephitic Cloud    |       |       |       |     1 |     1 ||     2
  Evoke: Wand              |       |       |       |     2 |     7 ||     9
    Use: Scroll            |       |       |    14 |     3 |     2 ||    19
         Potion            |       |       |     1 |     6 |       ||     7
   Stab: Confused          |       |       |       |     1 |       ||     1
         Sleeping          |       |       |       |       |     1 ||     1
 Armour: Leather armour    |     9 |       |       |       |       ||     9
         Chain mail        |       |    60 |   245 |   199 |   217 ||   721
         Robe              |       |     1 |       |       |       ||     1
  Dodge: Dodged            |    18 |    33 |   126 |   169 |   198 ||   544
  Block: Other             |     3 |    27 |    93 |    75 |       ||   198
         Reflection        |       |     3 |     3 |     4 |       ||    10
